 Dungeon Crawl Stone Soup version 0.20.1-1-g8b1a95d (webtiles) character file.

38 letownia2 the Grave Robber (level 3, 0/28 HPs)
             Began as a Deep Dwarf Necromancer on Nov 2, 2017.
             Slain by a worker ant (4 damage)
             ... on level 4 of the Dungeon.
             The game lasted 00:02:41 (744 turns).

letownia2 the Grave Robber (Deep Dwarf Necromancer)  Turns: 744, Time: 00:02:41

Health: 0/28       AC:  3    Str: 11    XL:     3   Next: 25%
Magic:  0/6        EV: 12    Int: 16    God:
Gold:   58         SH:  0    Dex: 13    Spells: 2/6 levels left

rFire    . . .     SeeInvis .   a - +2 whip (elec)
rCold    . . .     Gourm    .   (no shield)
rNeg     . . .     Faith    .   j - +0 leather armour
rPois    .         Spirit   .   (no helmet)
rElec    .         Reflect  .   (no cloak)
rCorr    .         Harm     .   (no gloves)
MR       .....                  (no boots)
Stlth    ++........             (no amulet)
Regen    0.0/turn               (no ring)
MPRegen  0.1/turn               (no ring)

@: lethally poisoned (0 -> 0), very slightly contaminated, non-regenerating
A: damage resistance, heal wounds, sense surroundings 1, no regeneration
a: Heal Wounds


You were on level 4 of the Dungeon.
You were not hungry.

You visited 1 branch of the dungeon, and saw 4 of its levels.

You collected 58 gold pieces.

Inventory:

Hand Weapons
 a - a +2 whip of electrocution (weapon)
 e - a +0 hand axe
 i - a +3 flail
Armour
 j - a +0 leather armour (worn)
 k - a +0 robe
 r - a +3 ring mail
Jewellery
 q - an uncursed ring of poison resistance {unknown}
Scrolls
 h - a scroll of enchant weapon {unknown}
 n - a scroll of magic mapping {unknown}
 o - a scroll of enchant armour {unknown}
 p - a scroll of identify {unknown}
Potions
 d - a potion of mutation {unknown}
 f - a potion of curing {unknown}
Books
 b - a book of Necromancy

   Spells                             Type                      Level
   a - Pain                           Necromancy                   1
   b - Animate Skeleton               Necromancy                   1
   c - Vampiric Draining              Necromancy                   3
   d - Regeneration                   Charms/Necromancy            3
   e - Animate Dead                   Necromancy                   4
   f - Control Undead                 Necromancy                   4
 m - a book of Changes

   Spells                             Type                      Level
   a - Beastly Appendage              Transmutation                1
   b - Sticks to Snakes               Transmutation                2
   c - Spider Form                    Transmutation/Poison         3
   d - Ice Form                       Ice/Transmutation            4
   e - Blade Hands                    Transmutation                5
Comestibles
 c - a bread ration
 g - 4 chunks of flesh
 l - a royal jelly


   Skills:
 - Level 2.1 Dodging
 - Level 2.4 Stealth
 + Level 2.4 Spellcasting
 + Level 5.1 Necromancy


You had 2 spell levels left.
You knew the following spells:

 Your Spells              Type           Power        Failure   Level  Hunger
a - Pain                  Necr           ###.         3%          1    #......
v - Vampiric Draining     Necr           ###.......   10%         3    ###....


Dungeon Overview and Level Annotations

Branches:
Dungeon (4/15)
 Temple: D:4-7

Altars:
Hepliaklqana
Vehumet
Xom


Innate Abilities, Weirdness & Mutations

You are resistant to damage.
You can heal yourself by infusing magical energy.
You passively map a small area around you.
You do not regenerate.


Message History

The worker ant bites you.
Casting: Vampiric Draining
Confirm with . or Enter, or press ? or * to list all spells.
Aiming: Vampiric Draining
Press: ? - help, Shift-Dir - straight line, f/p - worker ant
Aim: a worker ant (lightly wounded)
The worker ant is moderately wounded.
You feel life coursing into your body. The worker ant barely misses you.
Unknown command.
Unknown command.
You barely miss the worker ant.
The worker ant is moderately wounded.
The worker ant misses you. The worker ant bites you.
* * * LOW HITPOINT WARNING * * *
You are more poisoned.
The worker ant poisons you!
You closely miss the worker ant.
The worker ant is moderately wounded.
The worker ant bites you.
You die...

##..# ##..##..#### #.#
#...#
#....##....#####.#
#...#
#.##..####...##..#
#...# #.###.# ###..#..#
#...# #[# #.# ##....#
####...# ##.# #.###
##...# #......#
#..###>..# #...#
#.##...# ##.#......#
#...# #.##...#
#..#.@a...# #...#
#>##...# ##.##......#
#...##* #.###.##
##..##......## ##.....
..# #.# #..###.......##
#...### #.# #.# #.##
#........# #..... #.#
#.# #.#
######...###...$.. #.#
#.# #.# #.........#.##
#.# #.# #.# **
####.$..###.#.. #####.#
#.####..............*#.


You could see a worker ant.

Vanquished Creatures
  2 adders
  A leopard gecko (D:2)
  3 orcs (D:4)
  A goblin (D:3)
  A hobgoblin (D:2)
  4 jackals (D:4)
  3 frilled lizards
  2 kobolds
17 creatures vanquished.

Notes
Turn   | Place    | Note
-------+----------+-------------------------------------------
     0 | D:1      | letownia2 the Deep Dwarf Necromancer began the quest for the Orb.
     0 | D:1      | Reached XP level 1. HP: 15/15 MP: 3/3
   204 | D:3      | Found a radiant altar of Vehumet.
   325 | D:3      | Reached XP level 2. HP: 13/22 MP: 0/5
   326 | D:3      | Noticed a crimson imp
   442 | D:4      | Reached skill level 5 in Necromancy
   464 | D:4      | Reached XP level 3. HP: 12/28 MP: 0/6
   547 | D:4      | Learned a level 3 spell: Vampiric Draining
   605 | D:4      | Found a shimmering altar of Xom.
   606 | D:4      | Found a hazy altar of Hepliaklqana.
   607 | D:4      | Noticed a spectral ugly thing
   744 | D:4      | Slain by a worker ant

Skill      XL: |  1  2 |
---------------+-------+-----
Spellcasting   | 2 |  2.4
Necromancy     | 5 |  5.1
Dodging        | |  2.1
Stealth        | |  2.4

Action                   || total
-------------------------++-------
Melee: Hand axe          ||    20
       Whip              ||     2
 Cast: Pain              ||    31
       Vampiric Draining ||     1
 Stab: Sleeping          ||     1
Armor: Robe              ||     7
Dodge: Dodged            ||    47
